 Seeded DCSS version 0.30.1-11-g7821555f0a (webtiles) character file.

Game seed: 6351066067085065685 (custom seed)

107 Esekla the Magician (level 4, -3/23 (24) HPs)
             Began as a Deep Elf Wanderer on Nov 23, 2023.
             Was a Follower of Vehumet.
             Slain by an iguana (10 damage)
             ... on level 5 of the Dungeon on Nov 25, 2023.
             The game lasted 00:19:07 (2463 turns).

Esekla the Magician (Deep Elf Wanderer)             Turns: 2463, Time: 00:19:07

HP:   -3/23 (24)    AC:  4    Str: 11    XL:     4   Next: 56%
MP:   7/14          EV: 11    Int: 20    God:    Vehumet [*.....]
Gold: 195           SH:  4    Dex: 14    Spells: 5/15 levels left

rFire   . . .        s - +5 rapier of the Hero {heavy, rN+ Dex+3}
rCold   . . .        d - +0 buckler
rNeg    + . .        c - +0 robe
rPois   .            m - +0 helmet
rElec   .            (no cloak)
rCorr   .            l - +0 pair of gloves
SInv    .            (no boots)
Will    .....        z - amulet of magic regeneration
Stlth   ++           (no ring)
HPRegen 0.23/turn    (no ring)
MPRegen 0.54/turn

%: no passive effects
@: very slightly contaminated, lightly drained
A: no striking features
a: Renounce Religion


You were on level 5 of the Dungeon.
You worshipped Vehumet.
Vehumet was aware of your devotion.
You visited 1 branch of the dungeon, and saw 5 of its levels.

You collected 195 gold pieces.

Inventory:

Hand Weapons
 a - a +1 short sword of freezing
 r - a +0 spear
 s - the +5 rapier of the Hero (weapon) {heavy, rN+ Dex+3}
   (You found it on level 3 of the Dungeon)

   Dex:       It affects your dexterity (+3).
   rN:        It protects you from negative energy.
Armour
 c - a +0 robe (worn)
 d - a +0 buckler (worn)
 l - a +0 pair of gloves (worn)
 m - a +0 helmet (worn)
Jewellery
 z - an amulet of magic regeneration (around neck)
Wands
 i - a wand of roots (9)
Scrolls
 g - 3 scrolls of identify {unknown}
 o - 2 scrolls of enchant weapon {unknown}
 p - a scroll of amnesia {unknown}
 q - a scroll of immolation {unknown}
 u - a scroll of fog {unknown}
 v - a scroll of blinking {unknown}
 w - a scroll of enchant armour {unknown}
 x - a scroll of silence {unknown}
 y - a scroll of magic mapping {unknown}
Potions
 b - 2 potions of lignification
 e - a potion of ambrosia {unknown}
 f - 2 potions of attraction {unknown}
 h - a potion of heal wounds {unknown}
 j - a potion of haste {unknown}
 k - 3 potions of curing {unknown}
 n - a potion of mutation {unknown}
 t - 3 potions of brilliance {unknown}


   Skills:
 + Level 0.5 Short Blades
 * Level 1.7 Dodging
 + Level 1.4 Stealth
 + Level 1.6 Shields
 * Level 6.1 Spellcasting
 + Level 1.0 Conjurations
 * Level 1.5 Necromancy
 + Level 2.4 Translocations
 + Level 1.0 Invocations


You had 5 spell levels left.
You knew the following spells:

 Your Spells              Type           Power      Damage    Failure   Level
a - Magic Dart            Conj           40%        1d5       10%         1
b - Blink                 Tloc           30%        N/A       9%          2
d - Vampiric Draining     Necr           12%        2d6       24%         3
n - Ignite Poison         Fire/Tmut/Pois 6%         N/A       41%         3
p - Apportation           Tloc           30%        N/A       5%          1

Your spell library contained the following spells:

 Spells                   Type           Power      Damage    Failure   Level
 Foxfire                  Conj/Fire      32%        2x1d5     12%         1
 Lesser Beckoning         Tloc           30%        N/A       9%          2
 Gell's Gravitas          Tloc           15%        N/A       17%         3
 Teleport Other           Tloc           15%        N/A       17%         3
 Spider Form              Tmut/Pois      6%         N/A       41%         3
 Cause Fear               Hex            3%         N/A       83%         4
 Summon Mana Viper        Hex/Summ       6%         N/A       99%         5


Dungeon Overview and Level Annotations

Branches:
Dungeon (5/15)
 Temple: D:4-7

Altars:
Dithmenos
Okawaru
Vehumet
Zin

Shops:
D:2 =   D:4 (


Message History

Casting: Vampiric Draining (extremely dangerous; 24% risk of failure)
Confirm with . or Enter, or press ? or * to list all spells.
Aiming: Magic Dart (safe; 10% risk of failure)
Press: ? - help, Shift-Dir - straight line, f - iguana
Aim: an iguana (100% to hit)
The magic dart hits the iguana but does no damage.
You hit the iguana.
The iguana is lightly wounded.
The iguana completely misses you. The iguana closely misses you.
You closely miss the iguana.
The iguana is lightly wounded.
The iguana bites you!
Ouch! That really hurt!
The iguana bites you but does no damage.
Casting: Magic Dart (safe; 10% risk of failure)
Confirm with . or Enter, or press ? or * to list all spells.
The spell is extremely dangerous to miscast (24% risk of failure)!
Continue anyway?
Aiming: Vampiric Draining (extremely dangerous; 24% risk of failure)
Press: ? - help, Shift-Dir - straight line, f/p - iguana
Aim: an iguana (lightly wounded)
You miscast Vampiric Draining.
You are very lightly contaminated with residual magic.
Nothing appears to happen.
The iguana bites you!
* * * LOW HITPOINT WARNING * * *
Casting: Vampiric Draining (extremely dangerous; 24% risk of failure)
Confirm with . or Enter, or press ? or * to list all spells.
The spell is extremely dangerous to miscast (24% risk of failure)!
Continue anyway?
Aiming: Vampiric Draining (extremely dangerous; 24% risk of failure)
Press: ? - help, Shift-Dir - straight line, f/p - iguana
Aim: an iguana (lightly wounded)
You draw life force from the iguana!
You feel life coursing into your body. The iguana barely misses you.
Casting: Vampiric Draining (extremely dangerous; 24% risk of failure)
Confirm with . or Enter, or press ? or * to list all spells.
The spell is extremely dangerous to miscast (24% risk of failure)!
Continue anyway?
Aiming: Vampiric Draining (extremely dangerous; 24% risk of failure)
Press: ? - help, Shift-Dir - straight line, f/p - iguana
Aim: an iguana (heavily wounded)
You miscast Vampiric Draining.
Nothing appears to happen.
The iguana bites you!
You die...

## ## ##. .##
..#.. ... #l#
##.#@#############
#............)...#
##.#############.#
#. #.# # #.# #.#
#.# #.# #.#


You could see an iguana.

Vanquished Creatures
  3 gnolls (D:2)
  3 adders
  A dart slug (D:1)
  3 orcs (D:3)
  6 ball pythons
  4 endoplasms
  7 goblins
  4 hobgoblins
  A quokka (D:1)
  4 bats
  4 frilled lizards
  5 kobolds
  A rat (D:2)
46 creatures vanquished.

Notes
Turn   | Place    | Note
-------+----------+-------------------------------------------
     0 | D:1      | Esekla the Deep Elf Wanderer began the quest for the Orb.
     0 | D:1      | Esekla set off with the following items: a +0 club, a
                  | potion of lignification, a +0 robe, a +0 buckler; and the
                  | following spells available to memorise: Apportation, Blink,
                  | Lesser Beckoning, Magic Dart, Ignite Poison, Vampiric
                  | Draining.
     0 | D:1      | Reached XP level 1. HP: 10/10 MP: 7/7
     2 | D:1      | Learned a level 1 spell: Magic Dart
     4 | D:1      | Learned a level 1 spell: Apportation
   259 | D:2      | Found Renulab's Jewellery Shop.
   464 | D:4      | Found a radiant altar of Vehumet.
   468 | D:4      | Became a worshipper of Vehumet
   480 | D:4      | Found an iron altar of Okawaru.
   491 | D:4      | Found a glowing silver altar of Zin.
   580 | D:4      | Found Ponaysk's Antique Weapon Boutique.
   781 | D:3      | Reached XP level 2. HP: 14/15 MP: 6/9
   784 | D:3      | Learned a level 2 spell: Blink
   853 | D:3      | Identified the +5 rapier of the Hero {heavy, rN+ Dex+3}
   882 | D:2      | Reached skill level 5 in Spellcasting
   994 | D:1      | Reached skill level 1 in Necromancy
  1086 | D:1      | Reached XP level 3. HP: 19/19 MP: 0/11
  1117 | D:1      | Reached * piety under Vehumet
  1117 | D:1      | Offered knowledge of Foxfire by Vehumet.
  1392 | D:1      | Learned a level 3 spell: Ignite Poison
  1396 | D:1      | Learned a level 3 spell: Vampiric Draining
  1574 | D:1      | Reached XP level 4. HP: 13/24 MP: 2/13
  1665 | D:2      | Reached skill level 1 in Dodging
  1772 | D:2      | Noticed a black bear
  1911 | D:2      | Reached skill level 1 in Conjurations
  2225 | D:3      | Reached skill level 6 in Spellcasting
  2299 | D:5      | Entered Level 5 of the Dungeon
  2302 | D:5      | Got the Parchment of the Lumpy Olives
  2337 | D:5      | Found a shadowy altar of Dithmenos.
  2463 | D:5      | Slain by an iguana

Illustrated notes

Levels and vault maps discovered:
D:1:      sevenhm_arrival_forest_fort_small_3, layout_rooms,
          chequers_serial_rivers_room_b, minmay_misc_feat_five
D:2:      layout_loops_ring, dreamdust_ecumenical_altar_angels_and_demons,
          serial_shops, shop
D:3:      layout_basic, grunt_temple_overflow_open, minmay_misc_feat_iff
D:4:      layout_basic, nicolae_overflow_quartered_altars, serial_shops,
          nicolae_diamond_shop
D:5:      layout_loops_ring, lemuel_doored_altar, minmay_misc_feat_rows,
          dreamdust_wishing_well

Skill      XL: |  1  2  3  4 |
---------------+-------------+-----
Spellcasting   | 5 6 |  6.1
Necromancy     | 1 |  1.5
Dodging        | 1 |  1.7
Conjurations   | 1 |  1.0
Short Blades   | |  0.5
Stealth        | |  1.4
Shields        | |  1.6
Translocations | |  2.4
Invocations    | |  1.0

Action                     |  1- 3 |  4- 6 || total
---------------------------+-------+-------++-------
  Melee: Short sword       |     8 |       ||     8
         Rapier            |    44 |    20 ||    64
   Cast: Apportation       |    25 |    12 ||    37
         Magic Dart        |    40 |     9 ||    49
         Vampiric Draining |     4 |     5 ||     9
         Blink             |     3 |       ||     3
    Use: Scroll            |     1 |       ||     1
   Stab: Sleeping          |       |     1 ||     1
 Armour: Robe              |    32 |     6 ||    38
  Dodge: Dodged            |    48 |    15 ||    63
  Block: Buckler           |    20 |     1 ||    21
